 Dungeon Crawl Stone Soup version 0.18.1-47-g9310371 (webtiles) character file.

434 Grim the Destroyer (level 6, 32/32 HPs)
             Began as a Deep Elf Conjurer on June 9, 2016.
             Was an Initiate of Vehumet.
             Quit the game on level 4 of the Dungeon on June 17, 2016.
             The game lasted 00:13:24 (5097 turns).

Grim the Destroyer (Deep Elf Conjurer)              Turns: 5097, Time: 00:13:24

Health: 32/32      AC:  6    Str:  5    XL:     6   Next: 68%
Magic:  9/12       EV: 13    Int: 22    God:    Vehumet [......]
Gold:   277        SH:  0    Dex: 15    Spells: 3 memorised, 4 levels left

rFire  . . .     SeeInvis .     u - +0 quarterstaff
rCold  . . .     Gourm    +     k - +2 robe {MR+}
rNeg   . . .     Faith    .     (shield currently unavailable)
rPois  .         Spirit   .     (no helmet)
rElec  .         Dismiss  .     (no cloak)
rCorr  .         Reflect  .     l - +1 pair of gloves
SustAt .         Harm     .     (no boots)
MR     +....                    q - amulet of the gourmand
Stlth  ++........               (no ring)
                                (no ring)

@: somewhat resistant to hostile enchantments, unstealthy
A: no striking features
a: Renounce Religion


You were on level 4 of the Dungeon.
You worshipped Vehumet.
Vehumet was noncommittal.
You were not hungry.

You visited 2 branches of the dungeon, and saw 6 of its levels.

You collected 277 gold pieces.

Inventory:

Hand Weapons
 u - a +0 quarterstaff (weapon)
Armour
 k - a +2 robe of magic resistance (worn)
 l - a +1 pair of gloves (worn)
Jewellery
 q - an amulet of the gourmand (around neck)
Scrolls
 d - 5 scrolls of identify {unknown}
 e - a scroll of teleportation
 i - a scroll of recharging {unknown}
 n - a scroll of enchant armour {unknown}
 p - a scroll of amnesia {unknown}
 s - 2 scrolls of enchant weapon {unknown}
 v - a scroll of noise {unknown}
 x - a scroll of remove curse {unknown}
 y - a scroll of blinking {unknown}
Potions
 a - a potion of curing {unknown}
 h - 2 potions of flight {unknown}
 j - 2 potions of ambrosia {unknown}
 o - a potion of mutation {unknown}
 r - a potion of brilliance {unknown}
 t - a potion of might {unknown}
 w - 2 potions of heal wounds {unknown}
 z - 2 potions of cancellation {unknown}
Books
 b - a book of Conjurations

   Spells                             Type                      Level
   a - Magic Dart                     Conjuration                  1
   b - Searing Ray                    Conjuration                  2
   c - Dazzling Spray                 Conjuration/Hexes            3
   d - Fulminant Prism                Conjuration/Hexes            4
   e - Iskenderun's Mystic Blast      Conjuration                  4
   f - Iskenderun's Battlesphere      Conjuration/Charms           5
Comestibles
 c - 4 bread rations
 f - 3 slices of pizza
 g - 2 beef jerkies
 m - a royal jelly
 A - a meat ration


   Skills:
 + Level 2.8 Staves
 - Level 2.4 Dodging
 - Level 2.4 Stealth
 - Level 3.0 Spellcasting
 * Level 8.2 Conjurations


You had 4 spell levels left.
You knew the following spells:

 Your Spells              Type           Power        Failure   Level  Hunger
a - Magic Dart            Conj           ####         1%          1    None
b - Searing Ray           Conj           #####.       1%          2    ##.....
c - Iskenderun's Mystic   Conj           #####...     6%          4    ####...


Dungeon Overview and Level Annotations

Branches:
Dungeon (5/15)             Temple (1/1) D:4

Altars:
Ashenzari
Dithmenos
Gozag
Okawaru
Ru
Trog
Vehumet


Message History

Confirm with . or Enter, or press ? or * to list all spells.
Okay, then.
The orc wizard points at you and mumbles some strange words.
The magic dart hits you!
The orc wizard casts a spell.
The orc wizard blinks!
There is a stone staircase leading up here.
You climb upwards.
There is a stone staircase leading down here.
You start resting.
Your magical contamination has completely faded away.
You start resting.
HP restored.
You start resting.
A jackal comes into view.
Welcome back, Grim the Deep Elf Conjurer.
Vehumet says: Let it end in hellfire!
Press ? for a list of commands and other information.
Unknown command.
Are you sure you want to abandon this character and quit the game? (Confirm with "yes".)

.....#..#.....# #.....'...#
.....#..#.....# #.....#...#
.....#..#.....# #.h...#####
.....####.....# #.....#...#
'##...........######.....#...#
..#......................#...#
..#......................#...#
###......................#...#
....#'########..@........#...#
....#..# #...........#...#
....#..# #######.....'...#
....##### #.)..#.....#...#
#.......#######....##'########
#.......#.....#....#.....#
........#.....#....#.....#
.#......#....##'##########
........#....#...........#


You could see a jackal (wandering).

Vanquished Creatures
  A phantom (D:4)
  A scorpion (D:4)
  A jelly (D:5)
  An orc priest (D:4)
  A hound (D:5)
  An orc wizard (D:4)
  Jessica (D:2)
  3 gnolls (D:4)
  6 adders
  A dart slug (D:1)
  A giant gecko (D:1)
  6 orcs
  4 giant cockroaches
  5 goblins
  11 hobgoblins
  4 jackals
  A quokka (D:2)
  3 ball pythons (D:1)
  10 bats
  A giant newt (D:3)
  2 kobolds
  A quokka skeleton (D:4)
  5 rats
71 creatures vanquished.

Notes
Turn   | Place    | Note
--------------------------------------------------------------
     0 | D:1      | Grim the Deep Elf Conjurer began the quest for the Orb.
     0 | D:1      | Reached XP level 1. HP: 10/10 MP: 6/6
   213 | D:1      | Reached XP level 2. HP: 15/15 MP: 2/8
   369 | D:1      | Reached skill level 5 in Conjurations
   682 | D:1      | Learned a level 2 spell: Searing Ray
   735 | D:1      | You fall through a shaft!
   737 | D:2      | Noticed Jessica
   754 | D:2      | Killed Jessica
   754 | D:2      | Reached XP level 3. HP: 19/19 MP: 4/9
  1414 | D:2      | Reached skill level 6 in Conjurations
  1509 | D:2      | Reached XP level 4. HP: 24/24 MP: 4/10
  1742 | D:2      | Learned a level 4 spell: Iskenderun's Mystic Blast
  2584 | D:3      | Found an opulent altar of Gozag.
  3366 | D:4      | Noticed a phantom
  3478 | D:4      | Killed a phantom
  3478 | D:4      | Reached skill level 1 in Staves
  3478 | D:4      | Reached skill level 7 in Conjurations
  3478 | D:4      | Reached XP level 5. HP: 13/28 MP: 1/11
  3746 | D:4      | Found a staircase to the Ecumenical Temple.
  3753 | D:4      | Reached XP level 6. HP: 32/32 MP: 1/12
  3995 | Temple   | Entered the Ecumenical Temple
  4069 | Temple   | Became a worshipper of Vehumet
  4107 | D:4      | Noticed an ice beast
  4487 | D:4      | Found an iron altar of Okawaru.
  4938 | D:5      | Entered Level 5 of the Dungeon
  4946 | D:5      | Reached skill level 8 in Conjurations
  5021 | D:5      | Found a sacrificial altar of Ru.
  5097 | D:4      | Upgraded the game from 0.18.1-8-gdd0e5ea to 0.18.1-47-g9310371
  5097 | D:4      | Quit the game

Skill      XL: |  1  2  3  4  5  6 |
---------------+-------------------+-----
Conjurations   | 5 6 7 8 |  8.2
Staves         | 1 2 |  2.8
Dodging        | |  2.4
Stealth        | |  2.4
Spellcasting   | |  3.0

Action                   |  1- 3 |  4- 6 || total
-------------------------+-------+-------++-------
Melee: Quarterstaff      |       |    36 ||    36
 Cast: Magic Dart        |    58 |    78 ||   136
       Searing Ray       |     1 |     4 ||     5
       Iskenderun's Myst |       |    14 ||    14
  Use: Scroll            |       |     1 ||     1
  Eat: Chunk             |     2 |    17 ||    19
Armor: Robe              |     4 |    28 ||    32
Dodge: Dodged            |    11 |    40 ||    51
